[Event "Open Nuevo Centro. Jornada 1"]
[Site "Chess.com"]
[Date "2020.06.19"]
[Round "5"]
[White "Romero Barkouk, Rayan "]
[Black "Valverde Alcaide, Miguel Alejandro"]
[Result "1-0"]
[WhiteElo "1109"]
[BlackElo "911"]
[TimeControl "180+2"]
[EndTime "11:25:21 PDT"]
[Termination "Victoria de rayan66 por jaque mate"]

1. d4 d5 2. Nf3 f6 3. Nc3 c6 4.
Bf4 h6 5. h3 g5 6. Bh2 f5 7. e3 Bg7 8. Bd3 Be6 9. Qd2 Qd6 10.
Bxd6 exd6 11. O-O-O Nf6 12. Rde1 Na6 13. Bxa6 bxa6 14.
Qd3 Bc8 15. g4 fxg4 16. hxg4 O-O 17. e4 Nxg4 18. exd5 Nxf2 19. Qe3 Nxh1 20. Rxh1 Bg4 21. Rf1 Rae8 22. Qd3 Rxf3 23. Rxf3 Bxf3 24. Qxf3 Re1+ 25. Nd1 Bxd4 26. dxc6 Bxb2+ 27. Kxb2 h5 28. c7 Re8 29. Qxh5 Rc8 30. Qxg5+ Kf7 31. Qf5+ Ke7 32. Qxc8 d5 33. Qxa6 Kd7 34. Qxa7 Kd6 35. c8=Q Ke5 36. Qe8+ Kf4 37. Qaf7+ Kg4 38. Qeg8+ Kh4 39. Qfh7# 1

[Event "Open Nuevo Centro. Jornada 1"]
[Site "Chess.com"]
[Date "2020.06.19"]
[Round "5"]
[White "Torres Biosca, Roberto"]
[Black "Sanchis Bon, Sergi"]
[Result "0-1"]
[WhiteElo "718"]
[BlackElo "1046"]
[TimeControl "180+2"]
[EndTime "11:25:29 PDT"]
[Termination "Victoria de Sergi_2011 por jaque mate"]

1. e4 e5 2. Bc4 Qf6 3. Qe2 Bc5 4. Nh3 d6 5. Bb5+ c6 6. Bc4 Bxh3 7. gxh3 b5 8. Bb3 a5 9. c3 a4 10. Bc2 g5 11. Qh5 Qxf2+ 12. Kd1 Nf6 13. Qh6 d5 14. Qg7 Rg8 15. Qh6 dxe4 16. Bxe4 Nxe4 17. Qxh7 Qf3+ 18. Ke1 Qxh1+ 19. Ke2 Qg2+ 20. Ke1 Qf2+ 21. Kd1 Qf1+ 22. Kc2 Rf8 23. Qg7 Nd7 24. Qh6 Ndf6 25. Qg6 b4 26. Qh6 bxc3 27. b3 Bb4 28. Na3 cxd2 29. Kb1 Qxc1# 0

[Event "Open Nuevo Centro. Jornada 1"]
[Site "Chess.com"]
[Date "2020.06.19"]
[Round "5"]
[White "Bosch Jord�, Ricard"]
[Black "Alegre Romaguera, Francesc"]
[Result "1-0"]
[WhiteElo "1599"]
[BlackElo "1212"]
[TimeControl "180+2"]
[EndTime "11:26:18 PDT"]
[Termination "Victoria de UltimateLimo por jaque mate"]

1. e4 c5 2. Nf3 d6 3. d4 cxd4 4. Nxd4 Nf6 5. Nc3 a6 6. f3 e5 7.
Nb3 Be6 8. Be3 Nbd7 9. g4 Qc7 10. Qd2 Nc5 11. Nxc5 dxc5 12. O-O-O b5 13. g5 Nd7 14. Nd5 Bxd5 15. Qxd5 Nb6 16. Qd2 Rd8 17. Qxd8+ Qxd8 18. Rxd8+ Kxd8 19. Bh3 Nc4 20. Rd1+ Kc7 21. Rd7+ Kc6 22. Bf2 f6 23. gxf6 gxf6 24. Rf7 Bh6+ 25. Kb1 Bg5 26.
Be6 Nd2+ 27. Ka1 Nxf3 28. Bd5+ Kb6 29. Rb7+ Ka5 30. a3 h5 31. c3 Bd2 32. Bxc5 Ne1 33. Bb3 Nd3 34. Bb6# 1

[Event "Open Nuevo Centro. Jornada 1"]
[Site "Chess.com"]
[Date "2020.06.19"]
[Round "5"]
[White "Haoyou, Deng"]
[Black "Movsisyan, Tigran"]
[Result "0-1"]
[WhiteElo "1806"]
[BlackElo "1882"]
[TimeControl "180+2"]
[EndTime "11:26:19 PDT"]
[Termination "Victoria de USHADIRvzgo por abandono"]

1. d4 d5 2. c4 e6 3. Nf3 Be7 4. Nc3 Nf6 5. Bf4 O-O 6. e3 dxc4 7.
Bxc4 Nbd7 8. O-O c5 9. dxc5 Nxc5 10. Qxd8 Rxd8 11. Rfd1 Bd7 12. Ne5 Be8 13. a3 a6 14.
b4 Nce4 15. Nxe4 Nxe4 16. f3 Nc3 17. Rxd8 Rxd8 18. Rc1 Nd5 19. Bxd5 exd5 20. Rc7 Bf6 21. Rxb7 h5 22. Nd3 g5 23. Be5 Bxe5 24. Nxe5 d4 25.
exd4 Rxd4 26. Ra7 Bb5 27. Nxf7 Rd1+ 28. Kf2 Rd2+ 29. Kg3 Bf1 30. Nh6+ Kh8 31. Nf7+ Kg7 32. Nxg5+ Kg6 33. Ne4 Rxg2+ 34. Kf4 Rxh2 35. Rxa6+ Bxa6 0

[Event "Open Nuevo Centro. Jornada 1"]
[Site "Chess.com"]
[Date "2020.06.19"]
[Round "5"]
[White "Martinez Villena, David"]
[Black "Lopez Mateo, Juan Carlos"]
[Result "0-1"]
[WhiteElo "1704"]
[BlackElo "1937"]
[TimeControl "180+2"]
[EndTime "11:26:22 PDT"]
[Termination "Victoria de Tarantantinov por abandono"]

1. e4 c5 2. c3 Nf6 3. e5 Nd5 4. d4 cxd4 5. cxd4 d6 6. Nf3 Nc6 7. Bc4 Nb6 8. Bb3 dxe5 9. dxe5 Qxd1+ 10. Bxd1 Bg4 11. O-O e6 12. Nc3 h6 13. h3 Bf5 14.
Be3 Nc4 15. Nb5 Rd8 16. Bb3 Nxe3 17. fxe3 Bd3 18. Rfd1 Bxb5 19. a4 Bd3 20. Rac1 Be4 21. Rxd8+ Kxd8 22. Nd2 Bg6 23. Nc4 Bc5 24. a5 Ke7 25.
Kf2 Rd8 26. Ba4 Nb4 27. Nd6 Nd3+ 0

[Event "Open Nuevo Centro. Jornada 1"]
[Site "Chess.com"]
[Date "2020.06.19"]
[Round "5"]
[White "Limaymanta Solis, Luis Anderson"]
[Black "Cebri�n Granado, Guille"]
[Result "1-0"]
[WhiteElo "1038"]
[BlackElo "337"]
[TimeControl "180+2"]
[EndTime "11:26:22 PDT"]
[Termination "Victoria de Luinao por jaque mate"]

1. e4 e5 2. Bc4 Nc6 3. Qf3 Nf6 4. Nh3 a5 5. Ng5 b5 6. Bxf7+ Ke7 7. Bb3 b4 8. Nf7 g6 9. Nxh8 Bh6 10. Nf7 Bf4 11.
Nxd8 Bb7 12. Nf7 Rf8 13. Nxe5 Nd4 14. Qd3 Ne6 15. a3 Bxe4 16. Qb5 c6 17. Qxa5 Nd4 18. Qxb4+ c5 19. Qxc5+ d6 20. Qxd4 d5 21. Nc6+ Kd7 22. Ba4 Rf7 23. Ne5+ Kd6 24. Nxf7+ Ke7 25. Ng5 h6 26.
Nxe4 g5 27. Nxf6 Be5 28. Nxd5+ Kd6 29. Qb6+ Kxd5 30. O-O Ke4 31. Re1+ Kf4 32. Qb4+ Kf5 33. Bd7+ Kf6 34. Qb6+ Kf7 35. Rxe5 Kf8 36. Bf5 Kf7 37.
Qg6+ Kf8 38. Qe8+ Kg7 39. Qg6+ Kh8 40. Re8# 1

[Event "Open Nuevo Centro. Jornada 1"]
[Site "Chess.com"]
[Date "2020.06.19"]
[Round "5"]
[White "Perrot, Fabien "]
[Black "Rabbani Perez, Oumaima "]
[Result "1-0"]
[WhiteElo "981"]
[BlackElo "714"]
[TimeControl "180+2"]
[EndTime "11:26:26 PDT"]
[Termination "Victoria de InspiredMinds por jaque mate"]

1. d4 d5 2. Nf3 Nf6 3. Bf4 Bf5 4. e3 e6 5. c4 c5 6. Nc3 Nc6 7. Qb3 Qb6 8. Qxb6 axb6 9. Be2 dxc4 10. Bxc4 Nb4 11. O-O Nc2 12. Rac1 Nb4 13. a3 Na2 14.
Bxa2 cxd4 15. Nxd4 Bd3 16. Rfd1 Be2 17. Ndxe2 Ng4 18.
Nb5 Be7 19. Nc7+ Kf8 20. Nxa8 Bh4 21. Rc8+ Ke7 22. Rxh8 Bxf2+ 23. Kh1 Bh4 24. Rc1 Nf2+ 25. Kg1 Nd3 26. Rc7+ Kf6 27. Rxh7 Bf2+ 28. Kf1 Be1 29. Bb1 Nxb2 30. Kxe1 g5 31. Bg3 Na4 32. Rhxf7# 1

[Event "Open Nuevo Centro. Jornada 1"]
[Site "Chess.com"]
[Date "2020.06.19"]
[Round "5"]
[White "Galiana Ferrer, Oscar"]
[Black "Ainsa Jimenez, Lucas"]
[Result "1-0"]
[WhiteElo "910"]
[BlackElo "880"]
[TimeControl "180+2"]
[EndTime "11:26:27 PDT"]
[Termination "Victoria de CavalldeFoc2 por tiempo"]

1. e4 e5 2. Nf3 Nc6 3. Nc3 Nf6 4. d3 Bc5 5. Be3 Bxe3 6. fxe3 O-O 7. Be2 Ng4 8. O-O Nxe3 9. Qd2 Nxf1 10. Rxf1 d6 11. Nd5 Be6 12. c4 Bxd5 13. exd5 Nd4 14. Nxd4 exd4 15.
Qf4 c5 16. a3 a6 17. b4 b6 18. bxc5 dxc5 19. a4 a5 20. Bf3 Rb8 21. Be4 Qd7 22. Bf5 Qxa4 23. Qh4 g6 24. Be4 Qc2 25. Qe1 Rfe8 26.
Rf4 Qxd3 27. h3 Qxc4 28. Qh4 a4 29. Qe1 Qb4 30. Qh4 a3 31. Qf2 Ra8 32. Qa2 Qb2 33. Bb1 Re1+ 34. Kh2 Qxb1 35. Qc4 Rh1+ 36. Kg3 Qb4 37. Qd3 Qc3 38. Qxc3 dxc3 39. Rc4 a2 40. Rxc3 1

[Event "Open Nuevo Centro. Jornada 1"]
[Site "Chess.com"]
[Date "2020.06.19"]
[Round "5"]
[White "G�mez Alonso, �scar"]
[Black "Blanco Solaz, Ram�n"]
[Result "0-1"]
[WhiteElo "1759"]
[BlackElo "1985"]
[TimeControl "180+2"]
[EndTime "11:26:34 PDT"]
[Termination "Victoria de Rbs77 por abandono"]

1. d4 Nf6 2. c4 c5 3. d5 e6 4. Nc3 exd5 5. Nxd5 d6 6. Nf3 Nc6 7. e3 Be7 8. Nxe7 Qxe7 9. Bd2 O-O 10. Be2 Bf5 11.
O-O Ne4 12. Bc1 Rad8 13. Nd2 Nf6 14. a3 d5 15. Qa4 d4 16. exd4 Qxe2 17. d5 Nd4 18. Nb3 Nxb3 19. Qxb3 b6 20. Be3 Qc2 21. Qb5 Qe4 22. Bg5 Rd6 23. a4 Qe8 24. Qb3 Ne4 25.
Be3 Bd7 26. a5 Rg6 27. f3 Nd6 28. Bf4 Nf5 29. axb6 axb6 30. Rfe1 Qc8 31. Ra7 Nd4 32.
Qa2 Nxf3+ 33. Kf2 Nxe1 34. Kxe1 Rxg2 35. Rc7 Qe8+ 36. Kf1 Bh3 37. b3 Rxa2+ 0

[Event "Open Nuevo Centro. Jornada 1"]
[Site "Chess.com"]
[Date "2020.06.19"]
[Round "5"]
[White "Elenkov Olmo, Ivan"]
[Black "Fern�ndez Mart�n, Berta"]
[Result "1-0"]
[WhiteElo "804"]
[BlackElo "756"]
[TimeControl "180+2"]
[EndTime "11:27:15 PDT"]
[Termination "Victoria de IVANELEN por tiempo"]

1. e4 e5 2. Nf3 Nc6 3. Bc4 Nf6 4.
Ng5 d5 5. Bxd5 Nxd5 6. exd5 Qxg5 7. dxc6 Qxg2 8. Rf1 Qxc6 9. Nc3 Bf5 10. Qe2 Bd6 11. d3 O-O-O 12. Be3 Rhe8 13. O-O-O a6 14. Rg1 Bg6 15. h3 f6 16. h4 Bb4 17. h5 Bxc3 18.
hxg6 Bd4 19. Bxd4 Rxd4 20. gxh7 Qa4 21. Rh1 Qxa2 22. h8=Q Qa1+ 23. Kd2 Qa5+ 24. Ke3 Rxh8 25. Rxh8+ Kd7 26. Qh5 Qc5 27. Qe8+ Kd6 28. Qd8+ Kc6 29. Qe8+ Kb6 30. Qg6 Qxc2 31. Qxg7 1

[Event "Open Nuevo Centro. Jornada 1"]
[Site "Chess.com"]
[Date "2020.06.19"]
[Round "5"]
[White "Gerona Maura, Jesus"]
[Black "Montesinos Diaz, Luis"]
[Result "0-1"]
[WhiteElo "1529"]
[BlackElo "1910"]
[TimeControl "180+2"]
[EndTime "11:27:22 PDT"]
[Termination "Victoria de Gwiso_06 por jaque mate"]

1. e4 c6 2. Nf3 d5 3. Nc3 Bg4 4. d4 e6 5. e5 c5 6. h3 Bxf3 7. gxf3 Nc6 8. dxc5 Bxc5 9. Bb5 Ne7 10. Qe2 a6 11. Bd3 Nd4 12. Qd1 b5 13. Be3 Qb6 14. Bxd4 Bxd4 15. Qe2 Nc6 16. O-O-O Bxf2 17. Nxd5 exd5 18.
e6 Qe3+ 19. Kb1 Qxe2 20. exf7+ Kxf7 21. Bxe2 d4 22. Rhf1 Be3 23. f4 Rhe8 24. Bh5+ g6 25. Bf3 Rac8 26. Bd5+ Kg7 27. f5 Nb4 28. f6+ Kf8 29. Bb3 a5 30. a3 Nc6 31. h4 a4 32.
Bd5 b4 33. axb4 Nxb4 34. Bb7 Rxc2 35. h5 g5 36. f7 Re7 37. Ba8 Rxf7 38. Rfe1 Rff2 39.
Rf1 Rxb2+ 40. Ka1 a3 41. Rxf2+ Rxf2 42. h6 Rc2 43. Rb1 Bd2 44. Rf1+ Ke7 45. Be4 Bc3+ 46. Kb1 a2# 0

[Event "Open Nuevo Centro. Jornada 1"]
[Site "Chess.com"]
[Date "2020.06.19"]
[Round "5"]
[White "Donate Moreno, David"]
[Black "Mart�nez Carvajal, Juan Francisco"]
[Result "1-0"]
[WhiteElo "1502"]
[BlackElo "1754"]
[TimeControl "180+2"]
[EndTime "11:27:25 PDT"]
[Termination "Victoria de sylar48 por tiempo"]

1. e4 c5 2. Nf3 Nc6 3. Bc4 e5 4.
d3 Be7 5. Be3 d6 6. Nc3 Nf6 7.
O-O O-O 8. Nd5 Bg4 9. h3 Bxf3 10. Qxf3 Nxd5 11. Bxd5 Qd7 12. Qg3 Kh8 13. f4 f5 14.
Rf3 Nd4 15. Bxd4 cxd4 16. fxe5 dxe5 17. Qxe5 fxe4 18. Qxe4 Rxf3 19. Qxf3 Rf8 20. Qe4 Bf6 21. Rf1 Re8 22. Qf3 Re5 23. Bxb7 Qe7 24. Be4 Re6 25. Qf5 g6 26. Qb5 Rb6 27. Qd5 Rxb2 28. Qa8+ Kg7 29.
Bd5 Rxc2 30. Qg8+ Kh6 31. Bc4 Qe3+ 32. Kh1 Qe2 33. Qf8+ Bg7 34. Qf4+ g5 35. Qd6+ Kh5 36. Bf7+ Kh4 37. Rg1 Be5 38. Qh6+ 1

[Event "Open Nuevo Centro. Jornada 1"]
[Site "Chess.com"]
[Date "2020.06.19"]
[Round "5"]
[White "Macias Pino, Diego"]
[Black "Sanchez Saez, Francisco"]
[Result "0-1"]
[WhiteElo "2151"]
[BlackElo "2288"]
[TimeControl "180+2"]
[EndTime "11:27:30 PDT"]
[Termination "Victoria de Pacman1995 por jaque mate"]

1. e4 c5 2. Nc3 Nc6 3. Bb5 Nd4 4. Bc4 e6 5. Nge2 Nf6 6. O-O d5 7. exd5 exd5 8. Nxd5 Nxd5 9. Nxd4 cxd4 10. Qh5 Be6 11. Re1 Nf4 12. Bb5+ Ke7 13. Qg5+ f6 14. Qxf4 Kf7 15. d3 Bd6 16. Qe4 Qc8 17. Bf4 Bxf4 18. Qxf4 Qc5 19. Ba4 b5 20. Rxe6 Kxe6 21. Qe4+ Kd6 22.
Bb3 Rae8 23. Qg4 Re7 24. h4 Rhe8 25. Kh2 Re2 26. Qxg7 Qe5+ 27. Kh3 Qf5+ 28. Kh2 Qxf2 29. Qg4 f5 30. Qh3 Qf4+ 31. Qg3 Qxg3+ 32. Kxg3 R8e3+ 33. Kh2 f4 34. Kg1 Rg3 35. Kh1 Rgxg2 36. Rd1 f3 37. Rf1 Rh2+ 38. Kg1 Reg2# 0

[Event "Open Nuevo Centro. Jornada 1"]
[Site "Chess.com"]
[Date "2020.06.19"]
[Round "5"]
[White "Chernikov, Vladimir"]
[Black "Hassomal Daswani, Birjkumar"]
[Result "1-0"]
[WhiteElo "2246"]
[BlackElo "1840"]
[TimeControl "180+2"]
[EndTime "11:27:30 PDT"]
[Termination "Victoria de isla88 por jaque mate"]

1. b3 e5 2. Bb2 d6 3. e3 c6 4. d4 Nd7 5. g3 Qc7 6. Bg2 Be7 7. Ne2 Ngf6 8. c4 O-O 9. Nbc3 Re8 10. O-O Nf8 11. Rc1 Bg4 12. h3 Bh5 13. g4 Bg6 14. f4 h5 15. f5 Bh7 16. g5 N6d7 17. h4 Rad8 18. Ng3 exd4 19. exd4 d5 20. Nxh5 g6 21. Nf4 gxf5 22. cxd5 Qa5 23. dxc6 bxc6 24. d5 Bc5+ 25. Kh1 Ne5 26. Nh5 Ng4 27. Nf6+ Nxf6 28.
gxf6 Be3 29. Rc2 Qb4 30. Bf3 Qxh4+ 31. Rh2 Qd4 32. Qxd4 Bxd4 33. dxc6 Bg6 34. Nd5 Rxd5 35. Bxd5 Nh7 36. Bxd4 Rd8 37. c7 Rc8 38. Re1 Rxc7 39.
Re8+ Nf8 40. Rxf8+ Kxf8 41. Rh8# 1

[Event "Open Nuevo Centro. Jornada 1"]
[Site "Chess.com"]
[Date "2020.06.19"]
[Round "5"]
[White "Aguado, Pablo Luis"]
[Black "Birnoveanu, Petru"]
[Result "1-0"]
[WhiteElo "1475"]
[BlackElo "1553"]
[TimeControl "180+2"]
[EndTime "11:27:31 PDT"]
[Termination "Victoria de PLAD_2006 por tiempo"]

1. d4 g6 2. c4 Bg7 3. Nc3 c5 4. d5 d6 5. e4 f5 6. Bd3 fxe4 7. Nxe4 Nf6 8. Nc3 a6 9. a4 O-O 10. Nf3 Bg4 11. O-O Nbd7 12. Be2 Bxf3 13. Bxf3 Ne5 14. Be2 Rb8 15. Bf4 Nfd7 16. Bg3 Qe8 17. Qd2 Rf5 18. Ne4 Nf6 19. f3 Ned7 20. Bd3 Nxe4 21. fxe4 Rxf1+ 22.
Rxf1 Bd4+ 23. Kh1 Be5 24. Qg5 Bxg3 25. Qxg3 Ne5 26. Be2 b5 27. axb5 axb5 28. cxb5 e6 29. Qb3 c4 30. Bxc4 Nxc4 31. Qxc4 Qxb5 32. Qc1 exd5 33.
Qf4 Qb7 34. Qxd6 dxe4 35. Qe6+ Kg7 36. Qe5+ 1

[Event "Open Nuevo Centro. Jornada 1"]
[Site "Chess.com"]
[Date "2020.06.19"]
[Round "5"]
[White "Lloret Ramis, Juan Jos�"]
[Black "Castellano L�pez, Javier"]
[Result "1/2-1/2"]
[WhiteElo "1972"]
[BlackElo "1763"]
[TimeControl "180+2"]
[EndTime "11:27:41 PDT"]
[Termination "Tablas por repetición de movimientos"]

1. c4 Nf6 2. Nc3 e6 3. e4 e5 4.
Nf3 Nc6 5. d4 exd4 6. Nxd4 Bc5 7. Be3 Qe7 8. f3 Nxd4 9. Bxd4 Bxd4 10. Qxd4 d6 11. Be2 Qe5 12. Qxe5+ dxe5 13. Nb5 Kd7 14.
O-O-O+ Kc6 15. g4 Be6 16. Rd2 a6 17. Nc3 Rhd8 18. Nd5 Bxd5 19. cxd5+ Kd6 20. Kb1 c6 21. dxc6+ Kxc6 22. Rc1+ Kb6 23. Rcd1 Rxd2 24. Rxd2 Kc7 25. g5 Nd7 26. Bc4 f6 27. gxf6 gxf6 28. Rg2 b5 29. Bd5 Rh8 30. Rg7 Kd6 31. Rf7 h5 32. h4 Rh6 33. Bb7 a5 34. Ba6 b4 35. Bb5 Nc5 36.
Be8 Rh8 37. Bb5 Rh6 38. Ra7 Rg6 39. Rh7 Rg1+ 40. Kc2 Rg2+ 41. Kc1 Rg1+ 42. Kd2 Rg2+ 43. Kc1 Rg1+ 44. Kd2 Rg2+ 45. Kc1 1/2-1

[Event "Open Nuevo Centro. Jornada 1"]
[Site "Chess.com"]
[Date "2020.06.19"]
[Round "5"]
[White "Gimenez Sanchis, Jose Antonio"]
[Black "Zamora Soler, Raul"]
[Result "0-1"]
[WhiteElo "1434"]
[BlackElo "1749"]
[TimeControl "180+2"]
[EndTime "11:27:41 PDT"]
[Termination "Victoria de rzamora80 por abandono"]

1. c4 c5 2. Nc3 Nc6 3. g3 g6 4.
Bg2 d6 5. Nf3 Bg7 6. d3 e5 7.
Bd2 Nge7 8. O-O O-O 9. Rb1 a6 10.
a3 Rb8 11. b4 cxb4 12. axb4 b5 13. cxb5 axb5 14. Qc1 Bd7 15. Bh6 Bg4 16. Bxg7 Kxg7 17. Qd2 d5 18. h3 Be6 19. Qg5 f6 20. Qd2 Qd7 21. h4 h5 22. Rfc1 Rfc8 23. Qb2 d4 24.
Ne4 Bd5 25. Nc5 Qd6 26. Nd2 Bxg2 27. Kxg2 f5 28. Kg1 Nd5 29. Qc2 Ncxb4 30. Qb3 Rxc5 31. Rxc5 Qxc5 32. Nf3 Kf6 33. Ng5 Rb7 34. Ra1 Qc3 35.
Qd1 Qc2 36. Qf1 Na2 37. Kg2 Ndc3 38. Nf3 b4 39. Re1 b3 40. e4 b2 41. exf5 b1=Q 42. Rxb1 Rxb1 0

[Event "Open Nuevo Centro. Jornada 1"]
[Site "Chess.com"]
[Date "2020.06.19"]
[Round "5"]
[White "Teply Koutsky, David"]
[Black "Gimeno Higueras, Roberto"]
[Result "0-1"]
[WhiteElo "1659"]
[BlackElo "2064"]
[TimeControl "180+2"]
[EndTime "11:28:12 PDT"]
[Termination "Victoria de Chicogrande2 por jaque mate"]

1. d4 Nf6 2. c4 e6 3. Nc3 Bb4 4. f3 d5 5. a3 Bxc3+ 6. bxc3 h6 7. e3 c5 8. cxd5 exd5 9. Bd3 O-O 10. Ne2 cxd4 11.
cxd4 Re8 12. O-O Nc6 13. Ra2 b6 14. g4 Qd6 15. Ng3 Na5 16. Rg2 Nc4 17. Bxc4 dxc4 18. Qc2 b5 19. h4 Nh7 20. Ne4 Qg6 21. h5 Qe6 22. Nc5 Qd5 23. Ne4 a5 24. Nc3 Qd7 25. Qb1 Rb8 26. Ne4 b4 27. axb4 axb4 28. Qc2 Qd5 29. Nd2 c3 30. Nb3 Ba6 31. Rd1 Qxf3 32.
Nc5 Bb7 33. Nxb7 Rxb7 34. Rf1 Qe4 35. Qb3 Qe6 36. Qb1 Ng5 37. Kh2 b3 38. Re1 b2 39.
Bxb2 Rxb2 40. Rxb2 cxb2 41. Qxb2 Qxg4 42. Rg1 Qh4+ 43.
Kg2 Qh3+ 44. Kf2 Qxe3+ 45. Kf1 Qf3+ 46. Qf2 Qd3+ 47. Kg2 Re2 48. Kh1 Qh3+ 49. Qh2 Qxh2# 0

[Event "Open Nuevo Centro. Jornada 1"]
[Site "Chess.com"]
[Date "2020.06.19"]
[Round "5"]
[White "Gukasov, Artem"]
[Black "Ferrando Lacruz, Nicol�s "]
[Result "1-0"]
[WhiteElo "1564"]
[BlackElo "1174"]
[TimeControl "180+2"]
[EndTime "11:28:22 PDT"]
[Termination "Victoria de ArtemGukasov por jaque mate"]

1. e4 e5 2. Nf3 Nc6 3. Bc4 Bc5 4.
d3 d6 5. Be3 Bg4 6. Nc3 Nd4 7.
h3 Nxf3+ 8. gxf3 Bh5 9. Qe2 Nf6 10. O-O-O d5 11. Nxd5 Nxd5 12. Bxd5 c6 13. Bb3 Bxe3+ 14.
fxe3 O-O 15. Qg2 a5 16. a3 a4 17. Ba2 b5 18. Rhg1 g6 19. Rdf1 Qb6 20. Kd2 b4 21.
axb4 Qxb4+ 22. Kc1 a3 23. b3 Qc3 24. Kd1 Qa1+ 25.
Kd2 Qxa2 26. f4 c5 27. f5 c4 28. bxc4 Qb2 29. fxg6 fxg6 30. Rb1 Rab8 31. Rxb2 Rxb2 32.
Ra1 a2 33. Kc3 Rfb8 34. Qg5 Be2 35. Qxe5 Bf3 36. Qe6+ Kf8 37. Qf6+ Kg8 38. Qxf3 Kh8 39. Kd4 Kg8 40. Ke5 Rb1 41. Rxa2 Re8+ 42. Kd4 Rd8+ 43. Kc3 Rdb8 44. Ra7 Rc8 45. Qf7+ Kh8 46. Qxh7# 1

[Event "Open Nuevo Centro. Jornada 1"]
[Site "Chess.com"]
[Date "2020.06.19"]
[Round "5"]
[White "Fern�ndez Martin, Carlos"]
[Black "Saiz Sapena, Veronica"]
[Result "1-0"]
[WhiteElo "1501"]
[BlackElo "1565"]
[TimeControl "180+2"]
[EndTime "11:28:31 PDT"]
[Termination "Victoria de Pistachomortal por abandono"]

1. e4 c6 2. Nc3 d5 3. Nf3 dxe4 4. Nxe4 Nf6 5. Nxf6+ exf6 6. d4 Bd6 7. Bd3 O-O 8.
O-O Bg4 9. Be3 Qc7 10. h3 Bh5 11. c4 Bf4 12. Bxf4 Qxf4 13. Be2 Re8 14. Re1 Nd7 15. d5 cxd5 16. Qxd5 Qc7 17. Qxh5 Ne5 18. Nxe5 Rxe5 19.
Qf3 Rae8 20. Rad1 Qe7 21. Rd2 b6 22. b3 Qb4 23. Red1 Qe7 24. Bd3 g6 25. Bf1 Kg7 26. Rd7 Qe6 27. R1d6 Qf5 28. Qxf5 Rxf5 29. Rxa7 Rfe5 30.
Rdd7 Kh6 31. Rxf7 Kg5 32. Rxh7 f5 33. h4+ Kf4 34. Rab7 Re1 35. g3+ Kg4 36. Kg2 f4 37. Rbg7 f3+ 38. Kh2 Kf5 39. Rf7+ Ke6 40. Bh3+ Kd6 41.
Rd7+ Kc5 42. Rc7+ Kb4 43. Rc6 R1e2 44. Rxb6+ Kc3 45. Rf6 Rxf2+ 46. Kg1 Ree2 47. Rhf7 Rxa2 48. Rxf3+ Rxf3 49. Rxf3+ Kb4 50. Be6 Ra1+ 51. Kh2 Ra6 52. Bd5 Rd6 53. Kh3 Kc5 54. Kg4 Kd4 55. Rf4+ Ke5 56. Kg5 Rb6 57. Re4+ Kd6 58. Re6+ Kc7 59. Rxb6 Kxb6 60. Kxg6 Kc5 61. h5 Kb4 62. h6 Kxb3 63. h7 Kc3 64. h8=Q+ 1

[Event "Open Nuevo Centro. Jornada 1"]
[Site "Chess.com"]
[Date "2020.06.19"]
[Round "5"]
[White "Luque Saiz, Andres"]
[Black "Garcia Oviedo, Alejandro"]
[Result "1-0"]
[WhiteElo "1781"]
[BlackElo "1859"]
[TimeControl "180+2"]
[EndTime "11:28:36 PDT"]
[Termination "Victoria de Chuch1n por abandono"]

1. e4 d5 2. exd5 Qxd5 3. Nc3 Qa5 4. d4 Nf6 5. Nf3 Bf5 6. Bc4 e6 7. O-O Be7 8. Bd2 c6 9. Nd5 Qd8 10. Nxe7 Qxe7 11. a3 a5 12. b4 O-O 13. bxa5 Rd8 14. Bb4 Qc7 15. Qe2 Nd5 16. c3 Nd7 17. Ne5 Nxe5 18.
Qxe5 Qxe5 19. dxe5 Rac8 20. a6 b6 21. Bxd5 Rxd5 22.
Bd6 Bd3 23. Rfc1 Bxa6 24. c4 Rd4 25. c5 bxc5 26. Rxc5 Bb5 27. g3 Ra8 28. Kg2 h5 29. h4 Kh7 30. Rc3 Kg6 31. Re1 Raa4 32. Kf3 Rd2 33. Rcc1 Rad4 34. Bb4 R2d3+ 35. Re3 Rxe3+ 36.
Kxe3 Rd3+ 37. Ke4 f5+ 38. exf6 gxf6 39. Rc5 Rd1 40. Ke3 e5 41. Rc3 Re1+ 42. Kf3 Ra1 43. Kg2 Ra2 44. Re3 Kf5 45. Rf3+ Kg6 46. Rc3 Rb2 47. Rc1 Re2 48. Rd1 Rc2 49. Rd2 Rc1 50. Rd6 c5 51. Bd2 Kf5 52. Bxc1 c4 53. Rb6 Bd7 54.
Kf3 c3 55. Ke3 c2 56. Kd2 Ba4 57. Ke3 Kg6 58. Rb4 Bd7 59. a4 Bf5 60. a5 Bc8 61.
Rb6 Kf5 62. a6 1

[Event "Open Nuevo Centro. Jornada 1"]
[Site "Chess.com"]
[Date "2020.06.19"]
[Round "5"]
[White "Gimenez Saiz, Jose Raul"]
[Black "Simarro Peir�, Andr�s"]
[Result "1-0"]
[WhiteElo "1533"]
[BlackElo "1164"]
[TimeControl "180+2"]
[EndTime "11:28:45 PDT"]
[Termination "Victoria de rango013 por tiempo"]

1. d4 d5 2. e3 Nf6 3. Bd3 e6 4. Nd2 Bd6 5. f4 O-O 6. Ngf3 b6 7. Kf2 Ng4+ 8. Ke2 Bb7 9. h3 Nf6 10. Rf1 Qc8 11. Kf2 Ba6 12. c4 dxc4 13. Nxc4 Bxc4 14. Bxc4 Ne4+ 15. Kg1 Qd8 16. Bd3 Ng3 17. Rf2 Qh4 18. Ng5 h6 19. Ne4 f5 20. Nxg3 Qxg3 21. Bd2 Qg6 22. Qb3 Nc6 23. Rc1 Na5 24. Qc2 Nb7 25. e4 fxe4 26. Bxe4 Qf6 27. Bxb7 Rab8 28. Be4 Qxd4 29.
Bc3 Qe3 30. Re1 Qg3 31. Rf3 Bc5+ 32. Kh1 Qh4 33. Bh7+ Kh8 34. Qg6 Bd4 35. Bxd4 Qxe1+ 36. Kh2 Rf6 37. Bxf6 gxf6 38. Qxh6 Qe2 39. Bd3+ Kg8 40. Bxe2 f5 41. Rg3+ Kf7 42. Bh5+ Ke7 43. Rg7+ Kd6 44. Rg6 Kc6 45. Rxe6+ Kb7 46. Qg7 Rd8 47. Bf3+ Kb8 48. Re7 Rc8 49. Rf7 a6 50. Qe5 a5 51. Qd5 1

[Event "Open Nuevo Centro. Jornada 1"]
[Site "Chess.com"]
[Date "2020.06.19"]
[Round "5"]
[White "Cebolla Ruiz, David"]
[Black "Gutierrez Marco, Dario"]
[Result "0-1"]
[WhiteElo "1715"]
[BlackElo "1940"]
[TimeControl "180+2"]
[EndTime "11:28:57 PDT"]
[Termination "Victoria de rususs por tiempo"]

1. e4 c5 2. Nf3 e6 3. d4 cxd4 4. Nxd4 Nc6 5. Be3 Nf6 6. f3 d5 7. Bd3 dxe4 8. Bxe4 Nxe4 9. fxe4 Nxd4 10. Qxd4 Qxd4 11.
Bxd4 f6 12. O-O e5 13. Be3 Be6 14. Nc3 Be7 15. Nd5 Kf7 16. Nxe7 Kxe7 17. Bc5+ Kf7 18. Rad1 b6 19. Be3 Rad8 20. a3 Bg4 21. Rd5 Rxd5 22. exd5 Rd8 23. c4 Be2 24. Rc1 f5 25. Kf2 Bd3 26.
Bg5 Rd7 27. Ke3 Be4 28. g3 h6 29. Bf4 exf4+ 30. Kxf4 Kf6 31. g4 g5+ 32. Kg3 f4+ 33. Kf2 Ke5 34. Re1 Rc7 35. b3 Rd7 36. h4 a5 37. b4 axb4 38. axb4 Kd4 39. c5 bxc5 40.
bxc5 Bxd5 41. Rd1+ Kxc5 42. hxg5 hxg5 43. Re1 Kd6 44. Rd1 Re7 45. Rd3 Re3 46. Rd1 Rg3 47. Rd4 Rxg4 48. Rd1 Rg2+ 49. Kf1 Rh2 50. Kg1 Rg2+ 51.
Kf1 f3 52. Ke1 f2+ 53. Kf1 Rg1+ 54. Ke2 Rxd1 55. Ke3 Rd3+ 56. Ke2 Ra3 0

[Event "Open Nuevo Centro. Jornada 1"]
[Site "Chess.com"]
[Date "2020.06.19"]
[Round "5"]
[White "Clement G�mez, Jos� Antonio"]
[Black "Garcia Trobat, Francisco"]
[Result "1-0"]
[WhiteElo "2494"]
[BlackElo "2221"]
[TimeControl "180+2"]
[EndTime "11:29:02 PDT"]
[Termination "Victoria de P4AD por jaque mate"]

1. c4 c5 2. Nf3 Nc6 3. g3 g6 4. Nc3 Bg7 5. Bg2 d6 6. O-O h5 7. h4 Nh6 8. d3 Bf5 9. Rb1 Qd7 10. Re1 Bh3 11. Bh1 Nf5 12. a3 Ncd4 13. Ng5 Nxh4 14.
Nxh3 Qxh3 15. Nd5 Be5 16. Bf4 Nhf5 17. Bg2 Qg4 18. f3 Bxf4 19. fxg4 Ne3 20. Qa4+ b5 21. cxb5 Nxd5 22. gxf4 Nb6 23. Bxa8 Nxa4 24. gxh5 Rxh5 25.
Kg2 Nb6 26. Bf3 Rh4 27. e3 Nxf3 28. Kxf3 Rh2 29. Re2 Rh3+ 30. Kg2 Rh5 31. e4 c4 32. d4 Rxb5 33. Rc2 d5 34. e5 Kd7 35. Kf3 Ke6 36.
Kg4 Na4 37. Rh1 Rb3 38. Rh6 Rxb2 39. f5+ Kd7 40. Rxb2 gxf5+ 41. Kxf5 Nxb2 42. Rh2 Nd3 43. Rc2 Ne1 44. Rc3 a5 45. Kf4 Ng2+ 46. Kf3 Nh4+ 47. Kf4 Ng6+ 48. Ke3 Nf8 49. Rc1 Kc6 50. Rf1 f6 51.
exf6 exf6 52. Rxf6+ Kb5 53. Rxf8 Ka4 54. Rb8 Kxa3 55.
Kd2 Ka2 56. Ra8 Kb2 57. Rb8+ Ka3 58. Kc2 a4 59. Rb5 Ka2 60. Rxd5 a3 61. Ra5 c3 62.
d5 Ka1 63. Rxa3# 1